 Dungeon Crawl Stone Soup version 0.29-a0-275-g389c0b56f3 (webtiles) character file.

Game seed: 5926184330590856719

95 BlueGoblin the Ducker (level 4, -1/31 HPs)
             Began as an Octopode Monk on Mar 9, 2022.
             Slain by Grinder (6 damage)
             ... on level 3 of the Dungeon.
             The game lasted 00:03:11 (2431 turns).

BlueGoblin the Ducker (Octopode Monk)               Turns: 2431, Time: 00:03:11

Health: -1/31      AC:  1    Str: 10    XL:     4   Next: 66%
Magic:  4/4        EV: 15    Int: 12    God:
Gold:   137        SH:  0    Dex: 16    Spells: 3/3 levels left

rFire   . . .      SeeInvis .   a - +0 short sword
rCold   . . .      Faith    .   (no shield)
rNeg    . . .      Spirit   .   (helmet restricted)
rPois   .          Reflect  .   (no amulet)
rElec   .          Harm     .   (no ring)
rCorr   .          Rampage  .   (no ring)
Will    .....                   (no ring)
Stlth   +++.......              (no ring)
HPRegen 0.10/turn               (no ring)
MPRegen 0.09/turn               (no ring)
                                (no ring)
                                (no ring)

@: no status effects
A: almost no armour, amphibious, 8 rings, camouflage 1, gelatinous body 1,
(nimble swimmer 1), tentacles
a: no special abilities


You were on level 3 of the Dungeon.
You visited 1 branch of the dungeon, and saw 3 of its levels.

You collected 137 gold pieces.

Inventory:

Hand Weapons
 a - a +0 short sword (weapon)
Jewellery
 j - an amulet of guardian spirit
Scrolls
 d - a scroll of amnesia {unknown}
 f - a scroll of identify {unknown}
 g - 3 scrolls of enchant armour {unknown}
 i - a scroll of noise {unknown}
Potions
 c - a potion of heal wounds {unknown}
 e - a potion of attraction {unknown}
 h - a potion of magic {unknown}


   Skills:
 - Level 3.0 Fighting
 - Level 3.0 Short Blades
 + Level 5.2 Dodging
 - Level 2.6 Stealth


You had 3 spell levels left.
You didn't know any spells.
Your spell library contained the following spells:

 Spells                   Type           Power      Damage    Failure   Level
 Corpse Rot               Necr/Air       0%         N/A       45%         2
 Poisonous Vapours        Pois/Air       0%         N/A       45%         2


Dungeon Overview and Level Annotations

Branches:
Dungeon (3/15)

Altars:

Annotations:
D:3 Grinder


Innate Abilities, Weirdness & Mutations

You cannot wear most types of armour.
You are amphibious.
You can wear up to eight rings at the same time.
Your skin changes colour to match your surroundings (Stealth+).
Your rubbery body absorbs attacks. (AC +1, EV +1)
((You are camouflaged when in or above water. (Stealth+)))
You have tentacles for arms and can constrict up to eight enemies at once.


Message History

You hit Grinder. You grab Grinder.
Grinder is lightly wounded.
You constrict Grinder, but do no damage.
Grinder hits you.
You barely miss Grinder. You squeeze Grinder.
Grinder is lightly wounded.
You constrict Grinder. Grinder hits you.
You writhe in agony.
You are too injured to fight recklessly!
You are confused.
You feel invigorated.
You constrict Grinder.
Grinder blinks free!
You are too injured to fight recklessly!
You are too injured to fight recklessly!
You bump into the rock wall.
You bump into the rock wall.
Grinder gestures at you. Pain shoots through your body!
You hit Grinder but do no damage. You squeeze Grinder.
Grinder is moderately wounded.
Grinder misses you.
You bump into the rock wall.
Grinder hits you.
You bump into the rock wall.
Grinder blinks!
Grinder attacks as you move away! Grinder hits you.
You writhe in agony.
You feel less invigorated.
You feel less confused.
Grinder says, "Wait up."
You hit Grinder. You grab Grinder.
Grinder is moderately wounded.
You constrict Grinder. Grinder barely misses you.
You hit Grinder. You squeeze Grinder!
Grinder is severely wounded.
You constrict Grinder.
Grinder says, "Wait up."
Grinder hits you!
You writhe in agony.
* * * LOW HITPOINT WARNING * * *
You hit Grinder. You squeeze Grinder!
Grinder is almost dead.
You constrict Grinder. Grinder hits you.
* * * LOW HITPOINT WARNING * * *
You writhe in agony.
You die...

.. .. . ##.## #.###...#
#........ #.......#
#....# #.##5# # #.##@#
#.##.##.# #+# #.......#
#.####### #.##.####
#........ #.##.#####
##..######
#........######..>######
#..#####................
#.. ########...######
... ##..######


You could see Grinder.

Vanquished Creatures
  Robin (D:2)
  2 adders (D:2)
  3 dart slugs
  A worm (D:2)
  7 bats
  6 endoplasms
  A giant cockroach (D:2)
  4 goblins (D:2)
  7 hobgoblins
  2 jackals (D:1)
  5 kobolds
  2 quokkas (D:1)
  5 ball pythons
  6 frilled lizards
  3 rats
55 creatures vanquished.

Vanquished Creatures (others)
  2 fungi (D:3)
  4 plants (D:3)
6 creatures vanquished.

Grand Total: 61 creatures vanquished

Notes
Turn   | Place    | Note
-------+----------+-------------------------------------------
     0 | D:1      | BlueGoblin the Octopode Monk began the quest for the Orb.
     0 | D:1      | Reached XP level 1. HP: 16/16 MP: 1/1
    61 | D:1      | Reached XP level 2. HP: 21/21 MP: 2/2
   244 | D:1      | Reached skill level 4 in Dodging
   713 | D:1      | Reached XP level 3. HP: 26/26 MP: 3/3
  1485 | D:2      | Reached XP level 4. HP: 20/31 MP: 4/4
  1487 | D:2      | Noticed Robin
  1492 | D:2      | Killed Robin
  1495 | D:2      | Reached skill level 5 in Dodging
  2414 | D:3      | Noticed Grinder
  2431 | D:3      | Slain by Grinder

Illustrated notes

Levels and vault maps discovered:
D:1:      tarquinn_simple_flora_water_e, layout_loops_ring,
          minmay_misc_feat_alley, chequers_serial_rivers_room_a,
          dk_noncrumbling_3, minmay_tetromino_l4
D:2:      layout_basic, uniq_robin
D:3:      layout_loops_corners, shapermc_ecumenical_altar_mp_urbaneastern,
          nrook_uturn, uniq_grinder

Skill      XL: |  1  2  3  4 |
---------------+-------------+-----
Dodging        | 4 5 |  5.2
Fighting       | |  3.0
Short Blades   | |  3.0
Stealth        | |  2.6

Action                   |  1- 3 |  4- 6 || total
-------------------------+-------+-------++-------
Melee: Short sword       |    56 |    35 ||    91
       Tentacles         |    11 |    10 ||    21
       Constrict         |     8 |    11 ||    19
       Punch             |       |     1 ||     1
  Use: Potion            |       |     1 ||     1
 Stab: Sleeping          |    19 |     4 ||    23
Armor: Skin              |     1 |       ||     1
Dodge: Dodged            |    24 |    15 ||    39

Table legend: (Time is in decaauts)
 A = Elapsed time spent in this place.
 B = Non-inter-level travel time spent in this place.
 C = Inter-level travel time spent in this place.
 D = Time resting spent in this place.
 E = Time spent auto-exploring this place.
 F = Levels seen in this place.
 G = Mean time per level.
                   A        B        C        D        E       F      G
               +--------+--------+--------+--------+--------+-----+--------+
         Total |   2426 |   2351 |     75 |    731 |   1254 |   3 |  808.7 |
       Dungeon |   2426 |   2351 |     75 |    731 |   1254 |   3 |  808.7 |
               +--------+--------+--------+--------+--------+-----+--------+

Top non-repeatable levels by time:
     D:2: 1201 daAuts
     D:1: 1160 daAuts
     D:3: 64 daAuts
